 Dungeon Crawl Stone Soup version 0.28.0-45-g0d030f2227 (webtiles) character file.

Game seed: 14091228141095485860

5135 Peloso the Carver (level 10, -2/88 HPs)
             Began as a Minotaur Fighter on Apr 5, 2022.
             Incinerated by a smoke demon (6 damage)
             ... with a sticky flame
             ... on level 1 of the Abyss.
             The game lasted 00:16:16 (11332 turns).

Peloso the Carver (Minotaur Fighter)               Turns: 11332, Time: 00:16:16

Health: -2/88      AC: 15    Str: 24    XL:     10   Next: 33%
Magic:  9/9        EV:  8    Int:  5    God:
Gold:   199        SH:  5    Dex: 11    Spells: 9/9 levels left

rFire   . . .      SeeInvis .   a - +4 falchion
rCold   . . .      Faith    .   c - +0 buckler
rNeg    . . .      Spirit   .   A - +0 plate armour
rPois   .          Reflect  .   m - +1 hat
rElec   .          Harm     .   n - +2 cloak
rCorr   .          Rampage  .   (no gloves)
Will    .....                   B - +0 pair of boots
Stlth   ..........              (no amulet)
HPRegen 0.24/turn               (no ring)
MPRegen 0.11/turn               (no ring)

@: on fire, slightly contaminated, glowing
A: horns 2, retaliatory headbutt, deformed body, deterioration 1
a: no special abilities


You were on level 1 of the Abyss.
You visited 2 branches of the dungeon, and saw 10 of its levels.
You visited the Abyss 1 time.

You collected 522 gold pieces.
You spent 323 gold pieces at shops.

Inventory:

Hand Weapons
 a - a +4 falchion (weapon)
Missiles
 C - a throwing net (quivered)
Armour
 b - a +0 scale mail
 c - a +0 buckler (worn)
 m - a +1 hat (worn)
 n - a +2 cloak (worn)
 A - a +0 plate armour (worn)
 B - a +0 pair of boots (worn)
Jewellery
 u - the ring of Biokan {rElec rC+ rCorr MP+9 Dex-3}
   (You bought it in a shop on level 5 of the Dungeon)

   [ring of protection from cold]

   Dex:       It affects your dexterity (-3).
   rC:        It protects you from cold.
   rElec:     It insulates you from electricity.
   MP:        It affects your magic capacity (+9).
   rCorr:     It protects you from acid and corrosion.
 J - the ring "Pimisyam" {rCorr Int+4}
   (You found it on level 1 of the Abyss)

   [ring of resist corrosion]

   Int:       It affects your intelligence (+4).
   rCorr:     It protects you from acid and corrosion.
Wands
 q - a wand of flame (16)
 z - a wand of polymorph (8)
Scrolls
 e - 7 scrolls of identify
 f - 2 scrolls of teleportation
 g - 2 scrolls of enchant armour {unknown}
 h - a scroll of acquirement {unknown}
 j - 4 scrolls of vulnerability {unknown}
 k - a scroll of magic mapping {unknown}
 p - 2 scrolls of noise {unknown}
 r - a scroll of torment {unknown}
 s - 3 scrolls of enchant weapon {unknown}
 t - a scroll of summoning {unknown}
 y - a scroll of holy word {unknown}
 D - a scroll of immolation {unknown}
 E - a scroll of brand weapon {unknown}
 F - a scroll of fog {unknown}
 G - a scroll of fear {unknown}
 H - a scroll of amnesia {unknown}
Potions
 d - a potion of might
 i - 3 potions of brilliance
 l - a potion of cancellation {unknown}
 o - a potion of flight {unknown}
 v - 3 potions of haste {unknown}
 w - a potion of attraction {unknown}
 x - a potion of curing
 I - a potion of lignification {unknown}


   Skills:
 + Level 8.2 Fighting
 + Level 11.2 Long Blades
 + Level 10.0 Armour
 + Level 4.7 Dodging
 + Level 1.8 Stealth
 + Level 7.2 Shields


You had 9 spell levels left.
You didn't know any spells.
Your spell library contained the following spells:

 Spells                   Type           Power      Damage    Failure   Level
 Sandblast                Erth           0%         2d4       100%        1
 Passwall                 Tmut/Erth      0%         N/A       100%        2
 Mephitic Cloud           Conj/Pois/Air  0%         N/A       100%        3
 Stone Arrow              Conj/Erth      0%         3d7       100%        3
 Summon Guardian Golem    Hex/Summ       0%         N/A       100%        3
 Tukima's Dance           Hex            0%         N/A       100%        3
 Passage of Golubria      Tloc           0%         N/A       100%        4
 Yara's Violent Unravell  Hex/Tmut       0%         3d3       100%        5


Dungeon Overview and Level Annotations

Branches:
Dungeon (9/15)             Temple (1/1) D:4
   Lair: D:8-11         Orc: D:9-12

Altars:
Ashenzari
Cheibriados
Dithmenos
Elyvilon
Fedhas
Gozag
Hepliaklqana
Kikubaaqudgha
Makhleb
Nemelex Xobeh
Ru
Uskayaw
Vehumet
Wu Jian
Xom
Yredelemnul
Zin
The Shining One

Shops:
D:5 *(([*:   D:6 !

Annotations:
D:9 Psyche


Innate Abilities, Weirdness & Mutations

You have a pair of horns on your head.
You reflexively headbutt those who attack you in melee.
Armour fits poorly on your strangely shaped body.
Your body sometimes deteriorates upon taking damage.


Message History

You feel less contaminated with magical energies.
A smoke demon comes into view.
The smoke demon gestures at you. Something smites you!
The smoke demon gestures at you. Something smites you!
The smoke demon gestures at you. The ball of steam hits you!!
* * * LOW HITPOINT WARNING * * *
You are engulfed in a cloud of scalding steam.
You hit the smoke demon but do no damage.
You are engulfed in a cloud of scalding steam.
The smoke demon barely misses you. You block the smoke demon's attack.
The smoke demon closely misses you.
You barely miss the smoke demon. Your headbutt misses the smoke demon.
You are engulfed in a cloud of scalding steam.
* * * LOW HITPOINT WARNING * * *
The smoke demon hits you.
* * * LOW HITPOINT WARNING * * *
The smoke demon hits you but does no damage.
The smoke demon hits you.
* * * LOW HITPOINT WARNING * * *
You hit the smoke demon.
The smoke demon is lightly wounded.
You are engulfed in a cloud of scalding steam.
The smoke demon gestures at you. The sticky flame hits you.
You are covered in liquid flames!
* * * LOW HITPOINT WARNING * * *
You hit the smoke demon but do no damage.
You headbutt the smoke demon.
The smoke demon is lightly wounded.
You are covered in liquid flames!
* * * LOW HITPOINT WARNING * * *
Unknown command.
You barely miss the smoke demon.
You headbutt the smoke demon, but do no damage.
The smoke demon is lightly wounded.
You are covered in liquid flames!
You die...

.# ######
#.####
#.....#.....##
#............#
#.............
#...#.........
##.....3.......
.......@.......
...............
............#..
..............#
#.............#
..#####.#...#.#
. #.#......
#.#.....#
#.#.....#


You could see a smoke demon.

Vanquished Creatures
  An unseen horror (D:6)
  A troll (D:7)
  Grinder (D:4)
  2 wyverns (D:8)
  An acid dragon (D:9)
  A water moccasin (D:7)
  2 orc warriors (D:9)
  2 black bears
  3 ice beasts
  A necrophage (D:7)
  4 ogres
  2 centaurs (D:9)
  A phantom (D:4)
  2 bullfrogs
  5 kobold brigands
  A gnoll sergeant (D:7)
  2 scorpions
  A wyvern zombie (D:8)
  A wyvern skeleton (D:7)
  5 killer bees (D:9)
  5 wights (D:8)
  4 howler monkeys
  A centaur zombie (D:5)
  A bullfrog zombie (D:7)
  2 jellies (D:6)
  An orc priest (D:9)
  2 gnoll shamans
  A hound (D:4)
  2 bullfrog skeletons
  Ijyb (D:4)
  2 iguanas
  7 orc wizards
  Natasha (thrice) (D:4)
  A scorpion zombie (D:5)
  A killer bee zombie (D:7)
  3 hound skeletons
  A howler monkey zombie (D:9)
  A howler monkey skeleton (D:4)
  28 gnolls
  6 adders
  3 shadow imps
  A white imp (D:5)
  An ufetubus (D:6)
  An adder zombie (D:5)
  2 adder skeletons
  4 worms
  3 dart slugs
  19 orcs
  4 ball pythons
  10 endoplasms
  5 giant cockroaches
  11 goblins
  7 hobgoblins
  6 jackals (D:3)
  2 quokkas
  3 bats
  6 frilled lizards
  53 kobolds
  6 rats
259 creatures vanquished.

Vanquished Creatures (others)
  6 plants (D:6)
6 creatures vanquished.

Grand Total: 265 creatures vanquished

Notes
Turn   | Place    | Note
-------+----------+-------------------------------------------
     0 | D:1      | Peloso the Minotaur Fighter began the quest for the Orb.
     0 | D:1      | Reached XP level 1. HP: 19/19 MP: 0/0
   234 | D:1      | Reached XP level 2. HP: 27/27 MP: 1/1
  1108 | D:2      | Reached XP level 3. HP: 30/33 MP: 2/2
  1276 | D:2      | Reached skill level 3 in Long Blades
  1480 | D:2      | Reached XP level 4. HP: 37/40 MP: 3/3
  2269 | D:3      | Found a sparkling altar of Nemelex Xobeh.
  2334 | D:3      | Noticed an ogre
  2338 | D:3      | Killed an ogre
  2339 | D:3      | Reached skill level 4 in Long Blades
  2339 | D:3      | Reached skill level 1 in Dodging
  2339 | D:3      | Reached XP level 5. HP: 36/47 MP: 4/4
  2966 | D:4      | Noticed a phantom
  2977 | D:4      | Killed a phantom
  2978 | D:4      | Reached skill level 5 in Armour
  2978 | D:4      | Reached XP level 6. HP: 48/55 MP: 5/5
  3022 | D:4      | Noticed Ijyb
  3028 | D:4      | Reached skill level 5 in Fighting
  3028 | D:4      | Reached skill level 5 in Long Blades
  3054 | D:4      | Killed Ijyb
  3485 | D:4      | Noticed Natasha
  3495 | D:4      | Killed Natasha
  3496 | D:4      | Reached skill level 5 in Shields
  3734 | D:4      | Reached XP level 7. HP: 51/61 MP: 6/6
  4143 | D:4      | Reached skill level 6 in Long Blades
  4398 | D:4      | Found a staircase to the Ecumenical Temple.
  4402 | D:4      | Noticed Natasha
  4408 | D:4      | Killed Natasha
  4413 | D:4      | Noticed Natasha
  4418 | Temple   | Entered the Ecumenical Temple
  4493 | D:4      | Killed Natasha
  4510 | D:4      | Got Byost's Collected Works on the Virous Escort
  4568 | D:4      | Found a glowing silver altar of Zin.
  4668 | D:4      | Noticed Grinder
  4674 | D:4      | Paralysed by Grinder for 5 turns
  4691 | D:4      | Paralysed by Grinder for 4 turns
  4695 | D:4      | Killed Grinder
  4696 | D:4      | Reached skill level 7 in Long Blades
  4696 | D:4      | Reached XP level 8. HP: 28/69 MP: 7/7
  5301 | D:5      | Entered Level 5 of the Dungeon
  5350 | D:5      | Found Gorchuph's Antique Weapon Boutique.
  5351 | D:5      | Found Fuerr's General Store.
  5359 | D:5      | Bought a glowing falchion for 144 gold pieces
  5382 | D:5      | Bought a scroll of teleportation for 39 gold pieces
  5388 | D:5      | Found Keaporum's Weapon Emporium.
  5618 | D:5      | Reached skill level 1 in Stealth
  5672 | D:5      | Found a shimmering altar of Xom.
  5676 | D:5      | Found a shimmering altar of Xom.
  5676 | D:5      | Found a shimmering altar of Xom.
  5904 | D:5      | Reached skill level 8 in Long Blades
  6148 | D:5      | Found Masmanoe's Book Shop.
  6236 | D:5      | Found Kiaty's Assorted Antiques.
  6245 | D:5      | Bought a smoking wooden ring for 140 gold pieces
  6245 | D:5      | Identified the ring of Biokan {rElec rC+ rCorr MP+9 Dex-3}
                  | (You bought it in a shop on level 5 of the Dungeon)
  6246 | D:5      | Found Loejiq's Armour Boutique.
  6555 | D:6      | Found a hazy altar of Hepliaklqana.
  6614 | D:6      | Found Tirocis's Distillery.
  6719 | D:6      | Reached XP level 9. HP: 37/78 MP: 8/8
  7012 | D:6      | Killed an unseen horror
  7013 | D:6      | Reached skill level 9 in Long Blades
  7182 | D:6      | Found a shadowy altar of Dithmenos.
  7946 | D:7      | Noticed a troll
  7964 | D:7      | Killed a troll
  8192 | D:7      | Found a glowing golden altar of the Shining One.
  8258 | D:7      | Reached skill level 10 in Long Blades
  9301 | D:8      | Reached XP level 10. HP: 80/84 MP: 9/9
 10087 | D:9      | Found an opulent altar of Gozag.
 10203 | D:9      | Found a radiant altar of Vehumet.
 10464 | D:9      | Reached skill level 11 in Long Blades
 11001 | D:9      | Reached skill level 10 in Armour
 11039 | D:9      | Found a white marble altar of Elyvilon.
 11259 | D:9      | Noticed Psyche
 11280 | D:9      | Cast into level 1 of the Abyss (Psyche)
 11281 | Abyss:1  | Identified the ring "Pimisyam" {rCorr Int+4}
 11300 | Abyss:1  | Gained mutation: Your body sometimes deteriorates upon
                  | taking damage. [mutagenic glow]
 11317 | Abyss:1  | Gained mutation: Armour fits poorly on your strangely
                  | shaped body. [mutagenic glow]
 11323 | Abyss:1  | Noticed a smoke demon
 11331 | Abyss:1  | HP: 4/88 [burnt (4)]
 11332 | Abyss:1  | Incinerated by a smoke demon

Illustrated notes

Levels and vault maps discovered:
D:1:      giann_wishing_wells, layout_basic
D:2:      layout_rooms
D:3:      layout_basic, nemelex_diamond_rough_becter
D:4:      minmay_goblin_kobold_castle, layout_cave_pools,
          nicolae_overflow_crystal_walls, minmay_temple_entry_offerings,
          uniq_grinder, uniq_natasha, uniq_ijyb
D:5:      layout_loops_ring, xom_redecorated, nicolae_overflow_hidden_temple,
          serial_shops, nicolae_shop_crystal, nicolae_stop_n_shop_2, shop,
          nicolae_shop_bloodbath_and_beyond, shop, nicolae_take_the_stairs,
          chequers_serial_rivers_micro_b, dk_rats_in_the_wall
D:6:      layout_basic, nicolae_dithmenos_through_a_glass_darkly,
          nzn_hepliaklqana_mist_gate, serial_shops,
          nicolae_shop_window_shopping, nicolae_zen_rock_garden
D:7:      layout_loops_ring, tso_metal_star
D:8:      layout_loops_ring
D:9:      layout_loops_ring, lemuel_tele_altar, nicolae_vehumet_altar_sigil,
          amcnicky_altar_gilded, wad_floor_pattern_2, uniq_psyche
Temple:   compressed_dpeg_triangle_lava_temple
Abyss:1:  base: D:2, kilobyte_mutagenic_chamber

Skill      XL: |  1  2  3  4  5  6  7  8  9 10 |
---------------+-------------------------------+-----
Armour         | 4 5 6 7 9 10 | 10.0
Fighting       | 4 5 6 8 |  8.2
Shields        | 4 5 6 7 |  7.2
Long Blades    | 3 4 5 7 8 10 11 | 11.2
Dodging        | 1 2 3 4 |  4.7
Stealth        | 1 |  1.8

Action                   |  1- 3 |  4- 6 |  7- 9 | 10-12 || total
-------------------------+-------+-------+-------+-------++-------
Melee: Long sword        |    85 |   211 |   117 |       ||   413
       Headbutt          |    13 |    28 |    82 |    28 ||   151
       Falchion          |       |       |   282 |   142 ||   424
Evoke: Wand              |       |       |       |     2 ||     2
  Use: Scroll            |       |     2 |       |     1 ||     3
       Potion            |       |     3 |       |     1 ||     4
Armor: Scale mail        |    36 |   159 |   130 |       ||   325
       Plate armour      |       |       |   117 |   107 ||   224
Dodge: Dodged            |    48 |   136 |   207 |    64 ||   455
Block: Buckler           |    19 |    72 |    98 |    43 ||   232
